 Dungeon Crawl Stone Soup version 0.29-a0-559-g359e09b9d1 (webtiles) character file.

Game seed: 12084160656441866272

406 ders the Magician (level 7, -5/45 HPs)
             Began as a Djinni Conjurer on June 9, 2022.
             Slain by Duvessa
             ... wielding a +3 short sword of protection
              (24 damage)
             ... on level 4 of the Dungeon.
             The game lasted 00:03:11 (4936 turns).

ders the Magician (Djinni Conjurer)                 Turns: 4936, Time: 00:03:11

Health: -5/45      AC:  5    Str:  6    XL:     7   Next: 12%
Gold:   123        EV: 12    Int: 21    God:
                   SH:  0    Dex: 12

rFire   + + .      SeeInvis .   (no weapon)
rCold   x . .      Faith    .   (no shield)
rNeg    . . .      Spirit   .   a - +0 robe
rPois   ∞          Reflect  .   (no helmet)
rElec   .          Harm     .   (no cloak)
rCorr   .          Rampage  .   h - +2 pair of gloves
Will    .....                   (boots unavailable)
Stlth   ++........              (no amulet)
HPRegen 0.15/turn               (no ring)
MPRegen 0.00/turn               (no ring)

@: flying
A: sickness immunity, fire resistance 2, cold vulnerability 1, float, innate
caster, HP casting, extra vitality 1
a: no special abilities


You were on level 4 of the Dungeon.
You visited 1 branch of the dungeon, and saw 4 of its levels.

You collected 123 gold pieces.

Inventory:

Missiles
 i - a throwing net
Armour
 a - a +0 robe (worn)
 h - a +2 pair of gloves (worn)
 n - a +0 buckler
Jewellery
 l - a ring of willpower
 p - an amulet of reflection
 u - an amulet of regeneration
Scrolls
 c - 2 scrolls of fear {unknown}
 e - a scroll of amnesia {unknown}
 f - 4 scrolls of identify {unknown}
 o - a scroll of noise {unknown}
 q - a scroll of vulnerability {unknown}
 t - a scroll of brand weapon {unknown}
 v - 2 scrolls of teleportation {unknown}
Potions
 b - a potion of resistance {unknown}
 d - a potion of heal wounds {unknown}
 g - 2 potions of mutation {unknown}
 k - a potion of haste {unknown}
 m - a potion of attraction {unknown}
 r - 2 potions of flight {unknown}
 s - a potion of magic {unknown}
 w - a potion of invisibility {unknown}


   Skills:
 - Level 2.1 Dodging
 - Level 1.5 Stealth
 + Level 6.2 Spellcasting


You couldn't memorise any spells.
You knew the following spells:

 Your Spells              Type           Power      Damage    Failure   Level
a - Magic Dart            Conj           100%       1d8       1%          1
b - Searing Ray           Conj           64%        2d6       1%          2
c - Dazzling Flash        Conj/Hex       64%        N/A       2%          3
d - Fulminant Prism       Conj/Hex       16%        3d11      8%          4
e - Iskenderun's Mystic   Conj/Tloc      32%        2d8       8%          4
f - Beastly Appendage     Tmut           64%        N/A       1%          1
g - Ensorcelled Hibernat  Hex/Ice        64%        N/A       1%          2
h - Ozocubu's Armour      Ice            32%        N/A       2%          3
Your spell library was empty.

Dungeon Overview and Level Annotations

Branches:
Dungeon (4/15)
 Temple: D:4-7

Altars:
Fedhas
Qazlal

Annotations:
D:4 Duvessa


Innate Abilities, Weirdness & Mutations

You are immune to sickness and miasma.
You are immune to poison.
Your flesh is very heat resistant. (rF++)
You are vulnerable to cold. (rC-)
You float through the air rather than walking.
You learn spells naturally, not from books.
Your magical power is your life essence.
You have superior vitality. (+4 MHP)


Message History

Unknown command.
Casting: Searing Ray (safe; 1% risk of failure)
Confirm with . or Enter, or press ? or * to list all spells.
You erupt in a blast of force!
The mystic blast hits Dowan!
Dowan is moderately wounded.
Dowan is knocked back by the mystic blast.
Dowan slams into the rock wall!
Dowan is heavily wounded.
The mystic blast hits Duvessa.
Duvessa is lightly wounded.
Duvessa is knocked back by the mystic blast.
Duvessa slams into the rock wall!
Duvessa is moderately wounded.
Casting: Iskenderun's Mystic Blast (quite dangerous; 8% risk of failure)
Confirm with . or Enter, or press ? or * to list all spells.
Aiming: Fulminant Prism (quite dangerous; 8% risk of failure)
Press: ? - help, Dir - move target, p - Duvessa You conjure a prism of explosive energy!
* * * LOW HITPOINT WARNING * * *
A fulminant prism comes into view.
Duvessa hits you with a +3 short sword of protection.
* * * LOW HITPOINT WARNING * * *
Your fulminant prism crackles loudly.
Duvessa is no longer blind.
Your fulminant prism explodes!
The blast of energy engulfs Dowan!
You kill Dowan!
Duvessa weeps, and shakes her weapon.
Duvessa goes berserk!
You have reached level 7!
The power to cast Ozocubu's Armour wells up from within.
Spell assigned to 'h'.
Okay, then.
You feel better.
Duvessa hits you with a +3 short sword of protection.
* * * LOW HITPOINT WARNING * * *
You feel better. Duvessa misses you.
Duvessa hits you with a +3 short sword of protection!!
Ouch! That really hurt!
You die...

........#.# .......## .
.# ...##### # #. .#
...# .. .# ...# #. .##
...#### #. .. <.....#
#. ?# #####)#####
#.####.#.# ###.......#
#..@e)...#
..........####....#.###
..........#.###.#.#...
....#'#####.# #.#.##.##
....#.# #.# #.#.# .#
#####.# ###.# #.#.# .#
#.# #...# #.#.# # #.#
#.#.# #.#.. #.#
#.#.###.###


You could see Duvessa (berserk).

Vanquished Creatures
  A phantom (D:4)
  Dowan (D:4)
  A hound (D:4)
  An orc priest (D:3)
  2 orc wizards
  3 gnolls (D:2)
  4 adders
  2 worms
  3 dart slugs
  10 orcs
  9 ball pythons
  6 bats
  6 endoplasms
  4 giant cockroaches
  7 goblins
  6 hobgoblins
  6 jackals
  6 kobolds
  5 quokkas
  3 rats
86 creatures vanquished.

Vanquished Creatures (others)
  A fulminant prism (D:4)
1 creature vanquished.

Grand Total: 87 creatures vanquished

Notes
Turn   | Place    | Note
-------+----------+-------------------------------------------
     0 | D:1      | ders the Djinni Conjurer began the quest for the Orb.
     0 | D:1      | Reached XP level 1. HP: 15/15 MP: 0/0
   306 | D:1      | Reached XP level 2. HP: 15/21 MP: 0/0
   845 | D:1      | Reached XP level 3. HP: 20/25 MP: 0/0
   845 | D:1      | Learned a level 1 spell: Beastly Appendage
  1128 | D:1      | Found a faded altar of an unknown god.
  1131 | D:1      | Reached skill level 4 in Spellcasting
  2123 | D:2      | Reached XP level 4. HP: 29/31 MP: 0/0
  2352 | D:2      | Found a stormy altar of Qazlal.
  2545 | D:2      | Reached XP level 5. HP: 32/35 MP: 0/0
  2545 | D:2      | Learned a level 2 spell: Ensorcelled Hibernation
  3360 | D:3      | Found a blossoming altar of Fedhas.
  3414 | D:3      | Reached skill level 5 in Spellcasting
  3942 | D:3      | Reached XP level 6. HP: 37/40 MP: 0/0
  4796 | D:4      | Reached skill level 6 in Spellcasting
  4927 | D:4      | Noticed Duvessa
  4927 | D:4      | Noticed Dowan
  4934 | D:4      | Killed Dowan
  4935 | D:4      | Reached XP level 7. HP: 5/45 MP: 0/0
  4935 | D:4      | Learned a level 3 spell: Ozocubu's Armour
  4936 | D:4      | Slain by Duvessa

Illustrated notes

Levels and vault maps discovered:
D:1:      arrival_zaba_pyramid, layout_basic, nicolae_ecumenical_snake_handling,
          serial_park_tiny_1, minmay_hedge_maze, minivault_23,
          hangedman_decor_points
D:2:      layout_loops_cross, basic_altar, grunt_decor_resistance,
          minmay_misc_feat_four_crosses, minmay_box_of_dots
D:3:      layout_loops_ring, fedhas_altar_4
D:4:      layout_basic, hangedman_decor_lopped, corexii_hall_statues_deadend,
          uniq_duvessa

Skill      XL: |  1  2  3  4  5  6 |
---------------+-------------------+-----
Spellcasting   | 4 5 6 |  6.2
Dodging        | |  2.1
Stealth        | |  1.5

Action                   |  1- 3 |  4- 6 |  7- 9 || total
-------------------------+-------+-------+-------++-------
Melee: Unarmed           |     1 |       |       ||     1
 Cast: Magic Dart        |    67 |   108 |       ||   175
       Searing Ray       |       |    18 |       ||    18
       Iskenderun's Myst |       |     1 |       ||     1
       Fulminant Prism   |       |     1 |       ||     1
       Dazzling Flash    |       |     1 |       ||     1
  Use: Potion            |       |       |     2 ||     2
Armor: Robe              |     6 |     3 |       ||     9
Dodge: Dodged            |    15 |    14 |     1 ||    30

Table legend: (Time is in decaauts)
 A = Elapsed time spent in this place.
 B = Non-inter-level travel time spent in this place.
 C = Inter-level travel time spent in this place.
 D = Time resting spent in this place.
 E = Time spent auto-exploring this place.
 F = Levels seen in this place.
 G = Mean time per level.
                   A        B        C        D        E       F      G
               +--------+--------+--------+--------+--------+-----+--------+
         Total |   4935 |   4816 |    119 |      0 |   4428 |   4 | 1233.8 |
       Dungeon |   4935 |   4816 |    119 |      0 |   4428 |   4 | 1233.8 |
               +--------+--------+--------+--------+--------+-----+--------+

Top non-repeatable levels by time:
     D:1: 1639 daAuts
     D:2: 1430 daAuts
     D:3: 1309 daAuts
     D:4: 555 daAuts
